 Dungeon Crawl Stone Soup version 0.30-a0-719-gcc4359ea44 (webtiles) character file.

Game seed: 15639630253615313714

105 Arximoufas the Firebug (level 4, 0/30 HPs)
             Began as a Barachi Fire Elementalist on Jan 26, 2023.
             Killed from afar by an orc wizard (6 damage)
             ... with a magic dart
             ... on level 3 of the Dungeon.
             The game lasted 00:10:10 (3659 turns).

Arximoufas the Firebug (Barachi Fire Elementalist)  Turns: 3659, Time: 00:10:11

Health: 0/30       AC:  3    Str: 10    XL:     4   Next: 81%
Magic:  1/7        EV: 12    Int: 17    God:
Gold:   129        SH:  0    Dex: 12    Spells: 6/7 levels left

rFire   . . .      SeeInvis .    d - staff of poison
rCold   . . .      Faith    .    (no shield)
rNeg    . . .      Spirit   .    a - +0 robe
rPois   +          Reflect  .    (no helmet)
rElec   .          Harm     .    (no cloak)
rCorr   +          Rampage  .    (no gloves)
Will    .....                    j - +0 pair of boots
Stlth   ++                       (no amulet)
HPRegen 0.25/turn                c - ring of resist corrosion
MPRegen 0.10/turn                (no ring)

@: unable to hop, slow
A: amphibious, slowness 1, strong legs 1, +LOS
a: Hop


You were on level 3 of the Dungeon.
You visited 1 branch of the dungeon, and saw 4 of its levels.

You collected 129 gold pieces.

Inventory:

Armour
 a - a +0 robe (worn)
 j - a +0 pair of boots (worn)
Magical Staves
 d - a staff of poison (weapon)
Jewellery
 c - a ring of resist corrosion (left hand)
Wands
 k - a wand of roots (11)
Scrolls
 e - 2 scrolls of enchant armour {unknown}
 i - 2 scrolls of immolation
 l - a scroll of amnesia {unknown}
 m - a scroll of teleportation {unknown}
 n - a scroll of brand weapon {unknown}
 q - a scroll of enchant weapon {unknown}
Potions
 b - a potion of magic
 f - a potion of mutation {unknown}
 g - a potion of heal wounds {unknown}
 h - a potion of flight {unknown}
 o - a potion of lignification {unknown}
 p - a potion of curing {unknown}
 r - a potion of invisibility {unknown}


   Skills:
 - Level 2.1 Dodging
 + Level 3.0 Stealth
 - Level 2.1 Spellcasting
 * Level 3.0 Conjurations
 + Level 4.3 Fire Magic


You had 6 spell levels left.
You knew the following spells:

 Your Spells              Type           Power      Damage    Failure   Level
a - Foxfire               Conj/Fire      56%        2x1d6     4%          1

Your spell library contained the following spells:

 Spells                   Type           Power      Damage    Failure   Level
 Scorch                   Fire           32%        2d6       4%          2
 Slow                     Hex            4%         N/A       19%         1
 Inner Flame              Hex/Fire       9%         N/A       24%         3
 Kindle Blastsparks       Fire/Tloc/Air  12%        2d11      32%         3
 Flame Wave               Conj/Fire      14%        2d6       38%         4
 Confusing Touch          Hex            1%         N/A       50%         3
 Ozocubu's Armour         Ice            1%         N/A       50%         3
 Vampiric Draining        Necr           1%         2d6       50%         3
 Metabolic Englaciation   Hex/Ice        0%         N/A       99%         5
 Simulacrum               Ice/Necr       0%         N/A       100%        6


Dungeon Overview and Level Annotations

Branches:
Dungeon (4/15)
 Temple: D:4-7

Altars:

Annotations:
D:3 2 runed translucent doors, anet's ghost, amateur GnBr


Innate Abilities, Weirdness & Mutations

You are amphibious.
You cover ground slowly.
You can hop short distances.
You have an extended range of vision and can be seen from far away.


Message History

Something hits you.
Casting: Foxfire (safe; 4% risk of failure)
Press: ? - help, Q - select action, (/) - cycle Dir - look around, f - activate You conjure some foxfire!
Something hits you. The orc closely misses you.
The orc hits you with a +0 hand axe.
* * * LOW HITPOINT WARNING * * *
Your foxfire dissipates!
Something barely misses you. The orc attacks as you move away!
The orc closely misses you.
The foxfire hits something.
Casting: Foxfire (safe; 4% risk of failure)
Press: ? - help, Q - select action, (/) - cycle Dir - look around, f - activate You conjure some foxfire!
Something hits you.
* * * LOW HITPOINT WARNING * * *
The orc hits you with a +0 flail.
* * * LOW HITPOINT WARNING * * *
Your foxfire dissipates!
The foxfire hits the orc.
The orc is heavily wounded.
Casting: Foxfire (safe; 4% risk of failure)
Press: ? - help, Q - select action, (/) - cycle Dir - look around, f - activate You conjure some foxfire!
Something hits you but does no damage.
Your foxfire dissipates!
The foxfire hits something.
Casting: Foxfire (safe; 4% risk of failure)
Press: ? - help, Q - select action, (/) - cycle Dir - look around, f - activate You conjure some foxfire!
The foxfire hits something.
Your foxfire dissipates!
The orc attacks as you move away! The orc hits you but does no damage.
Casting: Foxfire (safe; 4% risk of failure)
Press: ? - help, Q - select action, (/) - cycle Dir - look around, f - activate You conjure some foxfire!
Your foxfire dissipates!
The foxfire hits something.
A magic dart appears from out of thin air!
The magic dart hits you.
You die...

#.###<#
##'#######....>.#
##...##
#.##........#### ##.##
#.##.#####..#
###.#######.##.# #..#
........##...#.#####..#
###.###.#......##oo...#
# #.# #.##...#.##{##.##
# #.###.###.##.##.##.#
# #.............@ยง##.#
#######.######.......#
........# #########
#########


You could see 2 orcs.

Vanquished Creatures
  5 adders
  A worm (D:2)
  4 ball pythons
  4 bats
  7 endoplasms
  4 giant cockroaches
  5 goblins
  5 hobgoblins
  9 kobolds
  3 quokkas
  2 frilled lizards
  5 rats
54 creatures vanquished.

Vanquished Creatures (others)
  129 foxfires
  2 fungi (D:1)
131 creatures vanquished.

Grand Total: 185 creatures vanquished

Notes
Turn   | Place    | Note
-------+----------+-------------------------------------------
     0 | D:1      | Arximoufas the Barachi Fire Elementalist began the quest
                  | for the Orb.
     0 | D:1      | Reached XP level 1. HP: 13/13 MP: 3/3
   277 | D:1      | Reached XP level 2. HP: 17/19 MP: 3/5
   307 | D:1      | Found a faded altar of an unknown god.
   955 | D:1      | Reached XP level 3. HP: 23/24 MP: 2/6
  1682 | D:2      | Reached skill level 4 in Fire Magic
  1787 | D:2      | Reached XP level 4. HP: 30/30 MP: 3/7
  3102 | D:3      | Found a runed translucent door.
  3105 | D:3      | Noticed anet's ghost (amateur GnBr)
  3518 | D:3      | Found a runed translucent door.
  3659 | D:3      | Killed from afar by an orc wizard

Illustrated notes

Levels and vault maps discovered:
D:1:      minmay_arrival_cross, layout_basic, shapermc_ecumenical_altar_ellora,
          minmay_misc_feat_square
D:2:      minmay_razor_zed, layout_basic, nicolae_underground_beach
D:3:      layout_loops_corners, bloody_trog, ebering_ghost_sewer_f,
          serial_shops, nicolae_shop_bloodbath_and_beyond, uniq_ijyb
D:4:      layout_basic, serial_undead, serial_undead_d, serial_undead_b,
          serial_undead_a, serial_undead_d, uniq_crazy_yiuf_cottage,
          uniq_sigmund

Skill      XL: |  1  2  3  4 |
---------------+-------------+-----
Stealth        | 2 3 |  3.0
Conjurations   | 2 3 |  3.0
Fire Magic     | 4 |  4.3
Dodging        | |  2.1
Spellcasting   | |  2.1

Action                     |  1- 3 |  4- 6 || total
---------------------------+-------+-------++-------
  Melee: Staff             |    39 |     3 ||    42
         Punch             |     1 |       ||     1
   Cast: Foxfire           |    66 |    56 ||   122
Ability: Hop               |     1 |     1 ||     2
    Use: Scroll            |     3 |       ||     3
   Stab: Sleeping          |     1 |       ||     1
 Armour: Robe              |    28 |    14 ||    42
  Dodge: Dodged            |    73 |    32 ||   105

Table legend: (Time is in decaauts)
 A = Elapsed time spent in this place.
 B = Non-inter-level travel time spent in this place.
 C = Inter-level travel time spent in this place.
 D = Time resting spent in this place.
 E = Time spent auto-exploring this place.
 F = Levels seen in this place.
 G = Mean time per level.
                   A        B        C        D        E       F      G
               +--------+--------+--------+--------+--------+-----+--------+
         Total |   4043 |   3814 |    229 |   1452 |   1580 |   4 | 1010.8 |
       Dungeon |   4043 |   3814 |    229 |   1452 |   1580 |   4 | 1010.8 |
               +--------+--------+--------+--------+--------+-----+--------+

Top non-repeatable levels by time:
     D:2: 1959 daAuts
     D:1: 1439 daAuts
     D:3: 642 daAuts
     D:4: 1 daAuts
